cohdb
Replays
Latest Replays
All Replays
Popular Replays
Top Player Replays
Match Explorer
How It Works
Community
CoH3 Stats
Reddit
Sign in to upload your games and track your stats! →
Sign in with Steam
Match 40095517
Unlisted
Match 40095517
Overview
Messages
Build Orders
End
Construct Infanterie Kompanie
Kettenkrad Recon Vehicle
MG 42 Machine Gun Team
MG 42 Machine Gun Team
Grenadier Squad
Construct Panzergrenadier Kompanie
Selects Terror Battlegroup
Selects Interrogate
Selects Machine Gun Camouflage
Panzergrenadier Squad
251 Medium Carrier
GrW 34 Mortar Team
Pak 40 Anti-tank Gun Team
Pioneer Squad
Construct Panzer Kompanie
Selects Propaganda Leaflet Drop
Panzer IV Medium Tank
Panzer IV Medium Tank
Propaganda Leaflet Drop
Bighazelnut
DRENCHFORT
Hadoop
Mauan
0
0
Comments
sign in to comment!
No comments posted yet!